 Dungeon Crawl Stone Soup version 0.30.0-5-g1a98f26d00 (webtiles) character file.

Game seed: 10683209502132677235

98 Woods the Ducker (level 5, -1/35 HPs)
             Began as a Djinni Fire Elementalist on May 10, 2023.
             Was a Follower of the Shining One.
             Slain by an orc
             ... wielding a +0 mace
              (5 damage)
             ... on level 3 of the Dungeon.
             The game lasted 00:04:22 (2338 turns).

Woods the Ducker (Djinni Fire Elementalist)         Turns: 2338, Time: 00:04:23

Health: -1/35      AC:  3    Str:  7    XL:     5   Next: 0%
Gold:   130        EV: 13    Int: 19    God:    the Shining One [*.....] SH:  0 Dex: 13

rFire   + + .        (no weapon)
rCold   x . .        (no shield)
rNeg    . . .        a - +0 robe
rPois   ∞            (no helmet)
rElec   .            (no cloak)
rCorr   .            q - +0 pair of gloves
SInv    .            (boots unavailable)
Will    .....        (no amulet)
Stlth   +            (no ring)
HPRegen 0.25/turn    (no ring)
MPRegen 0.00/turn

%: infuse magic (-2 HP)
@: flying, glowing
A: sickness immunity, fire resistance 2, cold vulnerability 1, float, innate
caster, HP casting, extra vitality 1
a: Renounce Religion, Divine Shield


You were on level 3 of the Dungeon.
You worshipped the Shining One.
The Shining One was aware of your devotion.
You visited 1 branch of the dungeon, and saw 3 of its levels.

You collected 130 gold pieces.

Inventory:

Missiles
 k - a throwing net
Armour
 a - a +0 robe (worn)
 q - a +0 pair of gloves (worn)
Scrolls
 b - a scroll of immolation {unknown}
 e - 2 scrolls of poison
 g - a scroll of butterflies {unknown}
 i - a scroll of fog {unknown}
 n - a scroll of teleportation {unknown}
 o - a scroll of blinking {unknown}
 p - a scroll of identify
 r - a scroll of noise {unknown}
Potions
 c - 4 potions of curing
 d - a potion of magic {unknown}
 f - 2 potions of lignification
 h - a potion of degeneration {unknown}
 j - 4 potions of attraction {unknown}
 l - a potion of brilliance {unknown}
 m - a potion of haste {unknown}


   Skills:
 + Level 3.4 Dodging
 + Level 2.7 Stealth
 + Level 3.1 Spellcasting


You knew the following spells:

 Your Spells              Type           Power      Damage    Failure   Level
a - Foxfire               Conj/Fire      56%        2x1d6     4%          1
b - Scorch                Fire           28%        2d6       6%          2
c - Volatile Blastmotes   Fire/Tloc      28%        2d12      13%         3
d - Inner Flame           Hex/Fire       14%        N/A       13%         3
e - Flame Wave            Conj/Fire      14%        2d6       38%         4
f - Beastly Appendage     Tmut           28%        N/A       4%          1
g - Blink                 Tloc           28%        N/A       6%          2
Your spell library was empty.

Dungeon Overview and Level Annotations

Branches:
Dungeon (3/15)

Altars:
The Shining One


Innate Abilities, Weirdness & Mutations

You are immune to sickness and miasma.
You are immune to poison.
Your flesh is very heat resistant. (rF++)
You are vulnerable to cold. (rC-)
You float through the air rather than walking.
You learn spells naturally, not from books.
Your magical power is your life essence.
You have superior vitality. (+4 MHP)


Message History

The power to cast Blink wells up from within.
Spell assigned to 'g'.
Casting: Scorch (safe; 6% risk of failure)
Confirm with . or Enter, or press ? or * to list all spells.
Flames lash the orc wizard.
The orc wizard is moderately wounded.
The orc wizard's fire resistance burns away.
An orc comes into view. It is wielding a +0 mace.
Unknown command.
Casting: Scorch (safe; 6% risk of failure)
Confirm with . or Enter, or press ? or * to list all spells.
Flames lash the orc.
The orc is almost dead.
The orc's fire resistance burns away.
Your foxfire dissipates!
The orc wizard hits you with a +0 dagger.
Casting: Foxfire (safe; 4% risk of failure)
Press: ? - help, Q - select action, (/) - cycle Dir - look around, f - activate You conjure some foxfire!
Unknown command.
Casting: Foxfire (safe; 4% risk of failure)
Press: ? - help, Q - select action, (/) - cycle Dir - look around, f - activate You conjure some foxfire!
The foxfire hits the orc wizard.
The orc wizard is burned terribly!
The orc wizard is heavily wounded.
The foxfire hits the orc wizard but does no damage.
The orc wizard is heavily wounded.
The orc wizard misses you. The orc hits you with a +0 mace.
* * * LOW HITPOINT WARNING * * *
Casting: Foxfire (safe; 4% risk of failure)
Press: ? - help, Q - select action, (/) - cycle Dir - look around, f - activate You conjure some foxfire!
* * * LOW HITPOINT WARNING * * *
The orc wizard is no longer more vulnerable to fire.
The orc is no longer more vulnerable to fire.
The foxfire hits the orc wizard.
The orc wizard is severely wounded.
The orc wizard hits you but does no damage.
The orc hits you with a +0 mace.
You die...

#. ##.
####. .. .
#....## ..
.# #... #.
... ##.. #.
..#. #..
#[###!....
#..
#.oo))....
#..
#v@######..
#......
#vv§.......
#.###..
##.#######.
#.. #.# ##>
#.# .. #.#
#.##. #.#
#.##.
#.#### #.#
#....## #.#


You could see an orc wizard (ally target) and an orc.

Vanquished Creatures
  3 adders
  2 dart slugs (D:3)
  4 orcs (D:3)
  10 endoplasms
  3 giant cockroaches
  4 goblins
  5 hobgoblins
  2 jackals
  A quokka (D:1)
  3 ball pythons
  6 bats
  4 frilled lizards
  4 kobolds
  9 rats
60 creatures vanquished.

Vanquished Creatures (others)
  176 foxfires
176 creatures vanquished.

Grand Total: 236 creatures vanquished

Notes
Turn   | Place    | Note
-------+----------+-------------------------------------------
     0 | D:1      | Woods the Djinni Fire Elementalist began the quest for the
                  | Orb.
     0 | D:1      | Woods set off with the following spells memorised: Foxfire,
                  | Scorch, Volatile Blastmotes, Inner Flame, Flame Wave.
     0 | D:1      | Reached XP level 1. HP: 15/15 MP: 0/0
    72 | D:1      | Found a faded altar of an unknown god.
    82 | D:1      | Prayed at the altar of an unknown god.
    82 | D:1      | Became a worshipper of the Shining One
    82 | D:1      | Reached * piety under the Shining One
   146 | D:1      | Reached XP level 2. HP: 16/21 MP: 0/0
   470 | D:1      | Reached XP level 3. HP: 24/25 MP: 0/0
   470 | D:1      | Learned a level 1 spell: Beastly Appendage
  1235 | D:2      | Reached XP level 4. HP: 17/31 MP: 0/0
  2334 | D:3      | Reached XP level 5. HP: 18/35 MP: 0/0
  2334 | D:3      | Learned a level 2 spell: Blink
  2338 | D:3      | Slain by an orc

Illustrated notes

Levels and vault maps discovered:
D:1:      giann_forest_graveyard, layout_basic, basic_ecumenical_altar
D:2:      layout_loops_ring, nrook_mini_backslash, chequers_decorated_corner,
          st_stairs_5
D:3:      minmay_door_path, layout_loops_ring

Skill      XL: |  1  2  3  4 |
---------------+-------------+-----
Stealth        | 2 |  2.7
Dodging        | 3 |  3.4
Spellcasting   | 3 |  3.1

Action                     |  1- 3 |  4- 6 || total
---------------------------+-------+-------++-------
  Melee: Unarmed           |     9 |     6 ||    15
   Cast: Foxfire           |    64 |    49 ||   113
         Scorch            |       |    10 ||    10
    Use: Scroll            |       |     3 ||     3
 Armour: Robe              |     6 |     5 ||    11
  Dodge: Dodged            |    28 |    17 ||    45
